 Dungeon Crawl Stone Soup version 0.27.1-33-g824d729ab1 (webtiles) character file.

Game seed: 5164373812113329040

109 Grabarz the Grasshopper (level 4, -6/36 HPs)
             Began as a Palentonga Warper on Dec 12, 2021.
             Was an Initiate of Trog.
             Mangled by a gnoll (7 damage)
             ... on level 4 of the Dungeon.
             The game lasted 00:17:43 (2496 turns).

Grabarz the Grasshopper (Palentonga Warper)         Turns: 2496, Time: 00:17:44

Health: -6/36      AC:  7    Str: 16    XL:     4   Next: 60%
Magic:  0/7        EV:  8    Int: 15    God:    Trog [......]
Gold:   144        SH:  5    Dex:  9    Spells: 2/7 levels left

rFire    . . .     SeeInvis +   f - +2 whip (flame)
rCold    . . .     Faith    .   g - +2 buckler
rNeg     . . .     Spirit   +   b - +0 leather armour
rPois    .         Reflect  .   (no helmet)
rElec    .         Harm     .   i - +2 cloak
rCorr    +         Rampage  .   (no gloves)
Will     .....                  (no barding)
Stlth    +.........             l - amulet of guardian spirit
HPRegen  0.12/turn              j - ring of Mymive {Fly rCorr Int+2}
MPRegen  0.10/turn              (no ring)

@: lethally poisoned (-6 -> -26), flying
A: large, rugged brown scales 3, see invisible, deformed body, roll 1, armoured
tail
a: Rolling Charge, Renounce Religion


You were on level 4 of the Dungeon.
You worshipped Trog.
Trog was noncommittal.
You visited 1 branch of the dungeon, and saw 4 of its levels.

You collected 144 gold pieces.

Inventory:

Hand Weapons
 f - a +2 whip of flaming (weapon)
Missiles
 d - 5 boomerangs of dispersal
Armour
 b - a +0 leather armour (worn)
 g - a +2 buckler (worn)
 i - a +2 cloak (worn)
Jewellery
 j - the ring of Mymive (left hand) {Fly rCorr Int+2}
   (You acquired it on level 2 of the Dungeon)

   [ring of flight]

   Int:       It affects your intelligence (+2).
   Fly:       It grants you flight.
   rCorr:     It protects you from acid and corrosion.
 l - an amulet of guardian spirit (around neck)
Scrolls
 c - 2 scrolls of blinking
Potions
 a - a potion of mutation {unknown}
 e - 2 potions of curing
 h - a potion of magic {unknown}
 k - a potion of heal wounds
 m - a potion of invisibility {unknown}


   Skills:
 * Level 2.7 Fighting
 * Level 3.5 Maces & Flails
 + Level 0.6 Throwing
 - Level 0.7 Armour
 - Level 1.8 Dodging
 - Level 2.2 Spellcasting
 - Level 3.7 Translocations


You had 2 spell levels left.
You knew the following spells:

 Your Spells              Type           Power      Damage    Failure   Level
a - Blink                 Tloc           N/A        N/A       14%         2
b - Gell's Gravitas       Tloc           6%         N/A       28%         3

Your spell library contained the following spells:

 Spells                   Type           Power      Damage    Failure   Level
 Lesser Beckoning         Tloc           6%         N/A       28%         3
 Teleport Other           Tloc           12%        N/A       28%         3
 Manifold Assault         Tloc           12%        N/A       95%         5


Dungeon Overview and Level Annotations

Branches:
Dungeon (4/15)
 Temple: D:4-7

Altars:
Elyvilon
Trog
Uskayaw
Wu Jian

Annotations:
D:4 Edmund


Innate Abilities, Weirdness & Mutations

You are completely covered in rugged brown scales. (AC +3, +7% HP)
You have supernaturally acute eyesight. (SInv)
Armour fits poorly on your strangely shaped body.
You can roll at nearby foes to attack.
You have a long armoured tail.


Message History

You hit the kobold. You burn the kobold.
You kill the kobold!
Trog accepts your kill.
Things that are here:
a +0 whip; a kobold corpse
h - a sapphire potion You reach down and open the door.
Edmund the Younger comes into view.
He is wielding a +2 dire flail of venom.
Edmund shouts!
You hear an angry hiss.
A gnoll comes into view. It is wielding a +0 halberd.
Found 12 gold pieces.
Casting: Gell's Gravitas (quite dangerous; 28% risk of failure)
Confirm with . or Enter, or press ? or * to list all spells.
Okay, then.
Roll where?
Press: ? - help, Q - select action, (/) - cycle Dir - move target, f - Edmund
Aim: Edmund, wielding a +2 dire flail of venom and wearing a +0 leather armour You roll forward with a clatter of scales!
An adder comes into view.
Found a stone staircase leading down.
You barely miss Edmund.
The gnoll shouts!
Edmund hits you with a +2 dire flail of venom!
Edmund hits you but does no damage.
You are poisoned.
A gnoll comes into view. It is wielding a +0 spear.
A gnoll comes into view. It is wielding a +0 flail.
You feel sick.
The gnoll shouts!
Edmund hits you with a +2 dire flail of venom.
You are more poisoned.
You feel very sick.
Edmund hits you with a +2 dire flail of venom.
You are more poisoned.
The gnoll hits you from afar with a +0 halberd!
* * * LOW HITPOINT WARNING * * *
* * * LOW HITPOINT WARNING * * *
You feel very sick. The adder bites you but does no damage.
You block Edmund's attack.
The gnoll hits you from afar with a +0 halberd!
You die...

...##+#............
...#..............
...#
.#.>....#+#######
...#
+#.)....#...$...
...# #......#....g.
...# #......#...g#
...# #......#..g.##
...# +......'.....+
...+ #......#@@..##
#......#S...#
........#....#
.........+......
.........#........
.........#.>..##..
........#....# .
#....#


You could see Edmund, 3 gnolls and an adder.

Vanquished Creatures
  An orc wizard (D:3)
  2 adders (D:2)
  4 orcs (D:3)
  7 ball pythons
  5 endoplasms
  4 giant cockroaches
  6 goblins
  5 hobgoblins
  11 kobolds
  2 quokkas
  2 bats (D:1)
  2 frilled lizards
  6 rats
57 creatures vanquished.

Notes
Turn   | Place    | Note
-------+----------+-------------------------------------------
     0 | D:1      | Grabarz the Palentonga Warper began the quest for the Orb.
     0 | D:1      | Reached XP level 1. HP: 17/17 MP: 3/3
   231 | D:1      | Reached XP level 2. HP: 18/23 MP: 5/5
   234 | D:1      | Learned a level 2 spell: Blink
   435 | D:1      | Found a faded altar of an unknown god.
  1210 | D:2      | Reached XP level 3. HP: 26/29 MP: 6/6
  1377 | D:2      | Learned a level 3 spell: Gell's Gravitas
  1771 | D:2      | Identified a scroll of acquirement
  1771 | D:2      | Acquired the ring of Mymive {Fly rCorr Int+2}
  2000 | D:3      | Reached XP level 4. HP: 36/36 MP: 7/7
  2354 | D:4      | Found a bloodstained altar of Trog.
  2356 | D:4      | Found an ornate altar of the Wu Jian Council.
  2357 | D:4      | Found a white marble altar of Elyvilon.
  2357 | D:4      | Found a hide-covered altar of Uskayaw.
  2360 | D:4      | Became a worshipper of Trog the Wrathful
  2490 | D:4      | Noticed Edmund
  2496 | D:4      | HP: 1/36 [poisoned by Edmund]
  2496 | D:4      | Mangled by a gnoll

Illustrated notes

Levels and vault maps discovered:
D:1:      lightli_arrival_windingriver, layout_loops_ring,
          hellmonk_ecumenical_altar_heavens_door
D:2:      layout_basic, minmay_misc_feat_columns
D:3:      layout_rooms
D:4:      layout_gridville, mainiacjoe_overflow_alcove_3, uniq_edmund

Skill      XL: |  1  2  3 |
---------------+----------+-----
Maces & Flails | 3 |  3.5
Fighting       | |  2.7
Throwing       | |  0.6
Armour         | |  0.7
Dodging        | |  1.8
Spellcasting   | |  2.2
Translocations | |  3.7

Action                   |  1- 3 |  4- 6 || total
-------------------------+-------+-------++-------
Melee: Whip              |    91 |    17 ||   108
       Mace              |     7 |       ||     7
       Tailslap          |     4 |     1 ||     5
 Cast: Blink             |     2 |       ||     2
       Gell's Gravitas   |     3 |     2 ||     5
 Abil: Rolling Charge    |    34 |    10 ||    44
  Use: Scroll            |     5 |     2 ||     7
Armor: Leather armour    |    34 |     6 ||    40
Dodge: Dodged            |    27 |     2 ||    29
Block: Buckler           |     5 |     1 ||     6
